 Dungeon Crawl Stone Soup version bcrawl-1.21.2-28-g2cb1824106 (webtiles) character file.

Game seed: 2496448347667397021

92 Mrkan the Skirmisher (level 4, 0/35 HPs)
             Began as a Demonspawn Monk on Mar 23, 2020.
             Was a Believer of Nemelex Xobeh.
             Slain by Ijyb
             ... wielding a +1 dagger of electrocution
              (1 damage)
             ... on level 3 of the Dungeon.
             The game lasted 00:03:08 (2501 turns).

Mrkan the Skirmisher (Demonspawn Monk)              Turns: 2501, Time: 00:03:08

Health: 0/35       AC:  3    Str: 13    XL:     4   Next: 35%
Magic:  0/6        EV: 13    Int: 11    God:    Nemelex Xobeh [**....]
Gold:   90         SH:  0    Dex: 15    Spells: 3/3 levels left

rFire    . . .     SeeInvis .     - Unarmed
rCold    . . .     Gourm    .   (no shield)
rNeg     . . .     Faith    .   m - +0 leather armour
rPois    .         Spirit   +   c - +0 hat
rElec    .         Reflect  .   (no cloak)
rCorr    .         Harm     .   (no gloves)
MR       .....                  (no boots)
Stlth    ++........             d - amulet of guardian spirit
HPRegen  0.11/turn              (no ring)
MPRegen  0.10/turn              (no ring)

@: no status effects
A: antennae 1, claws 2
a: Draw Escape, Draw Destruction, Draw Summoning, Triple Draw, Renounce Religion


You were on level 3 of the Dungeon.
You worshipped Nemelex Xobeh.
Nemelex Xobeh was pleased with you.
You were not hungry.

You visited 1 branch of the dungeon, and saw 3 of its levels.

You collected 90 gold pieces.

Inventory:

Armour
 b - a +0 robe
 c - a +0 hat (worn)
 m - a +0 leather armour (worn)
Jewellery
 d - an amulet of guardian spirit (around neck)
 i - an uncursed ring of flight {unknown}
 k - a +2 ring of slaying {unknown}
Scrolls
 a - 5 scrolls of teleportation {unknown}
 f - 2 scrolls of identify {unknown}
 g - 2 scrolls of immolation {unknown}
 j - a scroll of blinking {unknown}
 l - a scroll of enchant weapon {unknown}
 n - a scroll of fog {unknown}
 q - a scroll of remove curse {unknown}
Potions
 h - a potion of curing {unknown}
 o - a potion of might {unknown}
 p - a potion of flight {unknown}
Comestibles
 e - 5 rations {!d}


   Skills:
 + Level 3.5 Fighting
   Level 3.1 Axes
 + Level 3.2 Dodging
 - Level 2.0 Stealth
 * Level 1.9 Unarmed Combat
 + Level 3.0 Invocations


You had 3 spell levels left.
You didn't know any spells.
Your spell library was empty.

Dungeon Overview and Level Annotations

Branches:
Dungeon (3/12)

Altars:
Nemelex Xobeh

Annotations:
D:3 1 transporter, Ijyb


Innate Abilities, Weirdness & Mutations

You have a pair of small antennae on your head.
You have very sharp fingernails.


Message History

You scratch Ijyb but do no damage. The jackal closely misses you.
Ijyb closely misses you. The jackal barely misses you.
You scratch Ijyb but do no damage.
Ijyb grins evilly.
Ijyb hits you but does no damage.
You are electrocuted!
The jackal bites you.
You scratch Ijyb. Your claw misses Ijyb.
Ijyb is lightly wounded.
The jackal bites you. Ijyb hits you but does no damage.
You are electrocuted!!
Ouch! That really hurt!
* * * LOW HITPOINT WARNING * * *
You closely miss Ijyb.
Ijyb is lightly wounded.
The jackal closely misses you.
Ijyb zaps a wand.
You resist with some effort. The jackal bites you.
* * * LOW HITPOINT WARNING * * *
You scratch Ijyb but do no damage.
Ijyb is lightly wounded.
Ijyb hits you with a +1 dagger of electrocution.
You die...
Your body glows slightly and disappears.

#..###..#...####
###..# #..#..##
.....###..#....
.......#..#..... #
#.#............
.##.
#.#..#.........
.....
+.#............
#...#....♣..P....
#..Ph@..≈♣♣.....#
#....g..≈♣ ♣....#
#.....♣.P≈≈≈≈♣♣♣..♣
#.###.P..≈≈≈≈≈. #
...♣P.≈≈♣≈≈♣
#.#.#♣..≈≈♣.♣ #.#.
...♣P.. #. ######


You could see Ijyb and a jackal.

Vanquished Creatures
  A bullfrog zombie (D:3)
  2 worms
  A dart slug (D:2)
  3 leopard geckos (D:1)
  An orc (D:2)
  A ball python (D:2)
  3 giant cockroaches
  7 goblins
  8 hobgoblins
  2 jackals
  6 bats
  3 frilled lizards
  4 kobolds (D:2)
  3 rats
45 creatures vanquished.

Notes
Turn   | Place    | Note
-------+----------+-------------------------------------------
     0 | D:1      | Mrkan the Demonspawn Monk began the quest for the Orb.
     0 | D:1      | Reached XP level 1. HP: 18/18 MP: 2/2
   168 | D:1      | Gained mutation: You have sharp fingernails. [demonic
                  | ancestry]
   168 | D:1      | Reached XP level 2. HP: 24/24 MP: 4/4
   939 | D:1      | Gained mutation: You have very sharp fingernails. [demonic
                  | ancestry]
   939 | D:1      | Reached XP level 3. HP: 26/29 MP: 5/5
  1103 | D:2      | Reached skill level 1 in Unarmed Combat
  1667 | D:2      | Found a sparkling altar of Nemelex Xobeh.
  1682 | D:2      | Became a worshipper of Nemelex Xobeh the Trickster
  1682 | D:2      | Received a gift from Nemelex Xobeh
  1682 | D:2      | Received a gift from Nemelex Xobeh
  1682 | D:2      | Reached * piety under Nemelex Xobeh
  1682 | D:2      | Reached ** piety under Nemelex Xobeh
  2116 | D:3      | Gained mutation: You have a pair of small antennae on your
                  | head. [demonic ancestry]
  2116 | D:3      | Reached XP level 4. HP: 19/35 MP: 2/6
  2466 | D:3      | Found a transporter.
  2487 | D:3      | Noticed Ijyb
  2500 | D:3      | HP: 1/35 [jackal (2)]
  2501 | D:3      | Slain by Ijyb

Skill      XL: |  1  2  3  4 |
---------------+-------------+-----
Axes           | 3 |  3.1
Dodging        | 3 |  3.2
Unarmed Combat | 1 |  1.9
Invocations    | 3 |  3.0
Fighting       | |  3.5
Stealth        | |  2.0

Action                   |  1- 3 |  4- 6 || total
-------------------------+-------+-------++-------
Melee: Hand axe          |    34 |       ||    34
       Unarmed           |   103 |    26 ||   129
 Stab: Sleeping          |     3 |       ||     3
  Eat: Chunk             |     4 |     1 ||     5
Armor: Robe              |    12 |       ||    12
       Leather armour    |    19 |    10 ||    29
Dodge: Dodged            |   129 |    22 ||   151
